woodfighter, chaotic female orcish Cavewoman ----------- -----.........| |.............| ----.|.|...-----`| |....-----....--.| |................| --.|.%..>..--.--.| --.|--------|.||.| |..------...|.--.-- |@.........`...`%.| ---------.<`|.....| |...|------ ----- woodfighter the Young Cave Woman Experience level: 6 Strength: 18/04 Dexterity: 14 Constitution: 17 Intelligence: 9 Wisdom: 7 Charisma: 7 Health: 56(56) Energy: 16(16) Def: 2 Gold: 521 Moves: 3757 Dungeon seed: WmpoclJK6P4qTbEl Game ID: woodfighter_1499365102 Your Inventory: Coins $ - 521 gold pieces Weapons a - a +0 silver spear (weapon in hand) b - a +2 sling (alternate weapon; not wielded) f - a +1 club Armor q - an uncursed +0 leather armor (being worn) r - a cursed -1 pair of fumble boots y - an uncursed +0 oilskin cloak M - an uncursed +0 pair of speed boots N - an uncursed +0 leather armor O - an uncursed +0 studded leather armor Y - an uncursed +0 pair of leather gloves Comestibles c - 2 uncursed candy bars d - 3 uncursed tripe rations i - 2 uncursed cram rations l - an uncursed eucalyptus leaf m - 6 uncursed food rations u - 2 uncursed sprigs of wolfsbane D - an uncursed fortune cookie Scrolls n - an uncursed scroll of enchant armor o - 4 uncursed scrolls of scare monster w - an uncursed scroll of identify z - 2 uncursed scrolls of light I - 2 uncursed scrolls of earth Potions g - an uncursed potion of oil j - a blessed potion of blindness k - 2 uncursed potions of monster detection v - a blessed potion of object detection E - a blessed potion of hallucination F - 3 uncursed potions of hallucination Rings h - an uncursed ring of protection from shape changers B - a cursed ring of polymorph J - a cursed ring of aggravate monster Wands x - a wand of teleportation (0:7) G - a wand of make invisible (0:6) L - a wand of polymorph (0:6) Gems e - 11 uncursed flints (in quiver) Spells and supernatural/magical abilities: Name Level Category Fail Memory W - pray for help -- divine ? -- Your skills at the end: Miscellaneous Skills bare handed combat [Basic] Weapon Skills scimitar [Basic] club [Basic] spear [Basic] sling [Basic] Spellcasting Skills Final Attributes: You were piously aligned. You were poison resistant. You had infravision. You survived. Vanquished creatures: a dog a raven a bugbear a gnome lord a golden naga hatchling 3 giant ants 3 iguanas a jitterbug 3 orc zombies 3 dwarf zombies a gas spore an acid blob 3 geckos 2 brown molds a green mold 2 red molds 7 garter snakes 10 jackals a fox 2 kobolds 2 newts 3 sewer rats 5 grid bugs a bat 4 lichens a kobold zombie 64 creatures vanquished. Voluntary challenges: You did not adorn yourself with jewelry or accessories. You did not cause conflict. You were not invisible. You did not have reflection. You were not displaced. You used a wielded weapon 103 times, starting on turn 28. You did not apply a unicorn horn. You did not use plumbed fixtures. You did not drink any magical draughts. You read items or engraved 1 time, starting on turn 3756. You never genocided any monsters. You never polymorphed an object. You never changed form. You used no wishes. You never split a pudding. You never wrote Elbereth's name. You never violated your personal moral code. Dungeon overview: The Dungeons of Doom: levels 1 to 9 Level 1 a fountain, a sink a long staircase Level 2 a general store Level 3 an altar to Anshar stairs to The Gnomish Mines Level 4 an armor shop Level 5 (locked) some fountains, a sink Level 6 a throne Level 7 many fountains Level 8 stairs to Sokoban Level 9 The Gnomish Mines: Level 4 stairs to The Dungeons of Doom Sokoban: Level 7 <- You were here a magic chest stairs to The Dungeons of Doom History has recorded: On T:1 you entered the Dungeons of Doom to retrieve the Amulet of Yendor! On T:202 you reached level 2 of The Dungeons of Doom. On T:528 you reached level 3 of The Dungeons of Doom. On T:618 you advanced to experience level 2. On T:856 you reached level 1 of The Gnomish Mines. On T:990 you reached level 4 of The Dungeons of Doom. On T:1278 you advanced to experience level 3. On T:1513 you reached level 5 of The Dungeons of Doom. On T:1964 you advanced to experience level 4. On T:1999 you reached level 6 of The Dungeons of Doom. On T:2405 you reached level 7 of The Dungeons of Doom. On T:2680 you advanced to experience level 5. On T:2782 you reached level 8 of The Dungeons of Doom. On T:3253 you reached level 9 of The Dungeons of Doom. On T:3377 you reached level 4 of Sokoban. On T:3656 you advanced to experience level 6. On T:3754 you opened a magic chest. Score breakdown: Gold: 521 ( 52 points) Experience: 6 levels ( 500 points) Exploration: 9 levels ( 240 points) Discoveries: 21 items ( 1050 points) Variety of kills: 26 monsters ( 1300 points) Major goal: (nothing yet) ( 0 points) Survival: quit (score multiplied by 3) Total score: 9426 Latest messages: You are suddenly very hot! You kill the red mold! With great effort you move the boulder. You see here a tripe ration. (2x) d - an uncursed tripe ration. With great effort you move the boulder. As you kick the door, it shatters to pieces! With great effort you move the boulder. You kill the green mold! Your silver spear is not affected. You see here a green mold corpse. With great effort you move the boulder. You carefully open the magic chest... You have a little trouble removing N - a leather armor. You have a little trouble removing Y - a pair of fencing gloves. You have a little trouble removing M - a pair of mud boots. You have a little trouble removing O - a studded leather armor. You have a little trouble removing P - a scroll labeled HACKEM MUCHE. Your movements are slowed slightly because of your load. As you read the scroll, it disappears. Nothing happens. (You can name a scroll labeled HACKEM MUCHE from the item naming menu.) Final status: Goodbye woodfighter the Cavewoman, quit... You quit in Sokoban on dungeon level 7 with 9426 points, and 521 pieces of gold, after 3757 moves. You were level 6 with a maximum of 56 hit points when you quit.